 Dungeon Crawl Stone Soup version 0.18.1-50-g88ac8fd (webtiles) character file.

62 Korbac the Charlatan (level 3, -1/29 HPs)
             Began as a Draconian Artificer on Oct 16, 2016.
             Slain by a worm (6 damage)
             ... on level 2 of the Dungeon.
             The game lasted 00:06:52 (1439 turns).

Korbac the Charlatan (Draconian Artificer)          Turns: 1439, Time: 00:06:52

Health: -1/29      AC:  5    Str: 13    XL:     3   Next: 85%
Magic:  5/5        EV: 11    Int: 13    God:
Gold:   60         SH:  3    Dex: 11    Spells: 0 memorised, 2 levels left

rFire  . . .     SeeInvis .     a - +0 short sword
rCold  . . .     Gourm    .     (armour unavailable)
rNeg   . . .     Faith    .     h - +0 buckler
rPois  .         Spirit   .     (helmet restricted)
rElec  .         Dismiss  .     (no cloak)
rCorr  .         Reflect  .     (no gloves)
SustAt .         Harm     .     (no boots)
MR     .....                    (no amulet)
Stlth  +.........               (no ring)
                                (no ring)

@: not resistant to hostile enchantments, very unstealthy
A: unfitting armour, cold-blooded, AC +5
a: no special abilities


You were on level 2 of the Dungeon.
You were not hungry.

You visited 1 branch of the dungeon, and saw 2 of its levels.

You collected 60 gold pieces.

Inventory:

Hand Weapons
 a - a +0 short sword (weapon)
Missiles
 i - 16 sling bullets
 l - 4 tomahawks (quivered)
Armour
 h - a +0 buckler (worn)
Wands
 b - a wand of flame (14/48)
 c - a wand of enslavement (15/24)
 d - a wand of random effects (15/48)
Scrolls
 g - a scroll of identify {unknown}
 k - a scroll of fog {unknown}
 n - a scroll of teleportation {unknown}
Potions
 e - 2 potions of curing {unknown}
 j - a potion of might {unknown}
Comestibles
 f - 2 bread rations
 m - a beef jerky


   Skills:
 * Level 1.8 Fighting
 * Level 1.9 Short Blades
 + Level 2.5 Dodging
 + Level 1.2 Stealth
 + Level 0.4 Shields
 + Level 3.4 Evocations


You had 2 spell levels left.
You didn't know any spells.

Dungeon Overview and Level Annotations

Branches:
Dungeon (2/15)

Altars:
Elyvilon


Innate Abilities, Weirdness & Mutations

Your plain brown scales are hard (AC +5).
Your body does not fit into most forms of armour.
You are cold-blooded and may be slowed by cold attacks.


Message History

Aim: a goblin The puff of flame misses the goblin.
This wand has 14 charges left.
The goblin barely misses you.
You barely miss the goblin. The goblin barely misses you.
You hit the goblin.
The goblin is severely wounded.
The goblin barely misses you.
You barely miss the goblin.
The goblin is severely wounded.
The goblin misses you.
You closely miss the goblin.
The goblin is severely wounded.
The goblin closely misses you.
You miss the goblin. You tail-slap the goblin.
You kill the goblin!
That item cannot be evoked!
Evoke which item? (* to show all) (? for menu, Esc to quit)
That item cannot be evoked!
The worm bites you.
You die...

#.# #.... #.# #.... #(#
##############...(
#.#######.................
#.(...............####....
#########.#.......####....
#.#..........<....
#.#.#.............
#@#.#...........##
#w#$#..#.#####'###
#†###...###.......
####[#≈w...≈≈#.......
#....#≈..♣..≈#...†...
#...(................
#......♣._.♣.........
#....................
#....#≈..♣..≈##.#.#(.


You could see a worm.

Vanquished Creatures
  An adder (D:2)
  An ooze (D:2)
  4 dart slugs (D:1)
  2 giant geckos (D:1)
  3 giant cockroaches
  3 goblins
  6 hobgoblins (D:1)
  4 bats
  4 giant newts
  5 kobolds
  5 rats
38 creatures vanquished.

Notes
Turn   | Place    | Note
--------------------------------------------------------------
     0 | D:1      | Korbac the Draconian Artificer began the quest for the Orb.
     0 | D:1      | Reached XP level 1. HP: 16/16 MP: 3/3
   211 | D:1      | Reached XP level 2. HP: 18/23 MP: 4/4
   668 | D:1      | Reached skill level 1 in Stealth
   721 | D:1      | Reached XP level 3. HP: 25/28 MP: 5/5
  1237 | D:2      | Found a white marble altar of Elyvilon.
  1395 | D:2      | HP: 1/29 [poisoned by an adder]
  1439 | D:2      | Slain by a worm

Skill      XL: |  1  2 |
---------------+-------+-----
Dodging        | 2 |  2.5
Stealth        | 1 |  1.2
Fighting       | |  1.8
Short Blades   | |  1.9
Shields        | |  0.4
Evocations     | |  3.4

Action                   || total
-------------------------++-------
Melee: Short sword       ||   174
       Tailslap          ||    16
Evoke: Wand              ||     1
 Stab: Sleeping          ||     2
  Eat: Fruit             ||     3
       Pizza             ||     1
Armor: Skin              ||    56
Dodge: Dodged            ||   102
Block: Buckler           ||    22
